 Dungeon Crawl Stone Soup version 0.24.0-28-g17ded55e90 (webtiles) character file.

Game seed: 10106982038548333004, levelgen mode: deterministic

9345 Gumption the Carver (level 11, 0/89 HPs)
             Began as a Barachi Fighter on Nov 13, 2019.
             Was an Elder of Cheibriados.
             Slain by a ten-headed hydra (14 damage)
             ... on level 11 of the Dungeon.
             The game lasted 01:23:57 (12177 turns).

Gumption the Carver (Barachi Fighter)              Turns: 12177, Time: 01:23:57

Health: 0/89       AC: 11    Str: 32    XL:     11   Next: 45%
Magic:  12/12      EV: 12    Int: 18    God:    Cheibriados [****..]
Gold:   1427       SH: 19    Dex: 21    Spells: 10/10 levels left

rFire    + . .     SeeInvis .   a - +3 falchion (elec)
rCold    + . .     Gourm    .   c - +1 shield
rNeg     . . .     Faith    .   H - +0 ring mail of Veeteq {rElec rF+ MR++}
rPois    .         Spirit   .   (no helmet)
rElec    +         Reflect  +   y - +1 cloak
rCorr    .         Harm     .   D - +1 pair of gloves {Str+3}
MR       ++...                  (no boots)
Stlth    +.........             E - +4 amulet of reflection
HPRegen  0.24/turn              r - +2 ring of evasion
MPRegen  0.13/turn              s - ring of protection from cold

@: very slow
A: +LOS, swims, slowness 1, strong legs 1
a: Hop, Bend Time, Temporal Distortion, Slouch, Renounce Religion


You were on level 11 of the Dungeon.
You worshipped Cheibriados.
Cheibriados was greatly pleased with you.
You were very hungry.

You visited 2 branches of the dungeon, and saw 12 of its levels.
You also visited: Bailey.

You collected 1427 gold pieces.

Inventory:

Hand Weapons
 a - a +3 falchion of electrocution (weapon)
 b - a +0 hunting sling
Missiles
 g - 97 sling bullets
 n - 261 stones
 C - 6 poisoned darts (quivered)
 F - 49 boomerangs
Armour
 c - a +1 shield (worn)
 i - a +0 chain mail
 y - a +1 cloak (worn)
 D - a +1 pair of gloves of strength (worn)
 H - the +0 ring mail of Veeteq (worn) {rElec rF+ MR++}
   (You found it on level 6 of the Dungeon)

   It protects you from fire.
   It insulates you from electricity.
   It affects your resistance to hostile enchantments.
 I - a +0 troll leather armour
 K - a +0 plate armour
Jewellery
 h - an uncursed amulet of the acrobat
 r - a +2 ring of evasion (left hand)
 s - a ring of protection from cold (right hand)
 w - an uncursed ring of positive energy
 E - a +4 amulet of reflection (around neck)
Wands
 z - a wand of paralysis (9)
 A - a wand of disintegration (6)
 B - a wand of random effects (36)
 G - a wand of enslavement (3)
Scrolls
 l - a scroll of magic mapping
 o - 5 scrolls of identify
 p - 4 scrolls of remove curse
 t - a scroll of holy word {unknown}
 u - 3 scrolls of enchant armour
 v - a scroll of blinking
 x - 3 scrolls of teleportation
Potions
 d - a potion of might
 f - 2 potions of brilliance
 j - a potion of invisibility
 k - 5 potions of flight
 m - 5 potions of mutation
 q - 6 potions of curing
 J - a potion of berserk rage
 L - a potion of lignification
Comestibles
 e - 21 rations


   Skills:
 + Level 9.4 Fighting
 * Level 12.1 Long Blades
 - Level 9.0 Armour
 * Level 11.4 Shields
 + Level 2.2 Invocations


You had 10 spell levels left.
You didn't know any spells.
Your spell library contained the following spells:

 Spells                   Type           Power        Failure   Level  Hunger
 Animate Skeleton         Necr           N/A          43%         1    ##.....
 Apportation              Tloc           #.....       43%         1    ##.....
 Confusing Touch          Hex            #.....       43%         1    ##.....
 Magic Dart               Conj           #...         43%         1    ##.....
 Pain                     Necr           #...         43%         1    ##.....
 Summon Small Mammal      Summ           #...         43%         1    ##.....
 Blink                    Tloc           N/A          56%         2    ###....
 Call Imp                 Summ           #.......     56%         2    ###....
 Slow                     Hex            #.......     56%         2    ###....
 Call Canine Familiar     Summ           #.......     80%         3    ####...
 Conjure Flame            Conj/Fire      #.......     80%         3    ####...
 Mephitic Cloud           Conj/Pois/Air  #.......     80%         3    ####...
 Regeneration             Chrm/Necr      #.........   80%         3    ####...
 Summon Guardian Golem    Hex/Summ       #.......     80%         3    ####...
 Vampiric Draining        Necr           #.........   80%         3    ####...
 Animate Dead             Necr           N/A          99%         4    #####..
 Summon Ice Beast         Ice/Summ       #.......     99%         4    #####..
 Summon Lightning Spire   Summ/Air       #.......     99%         4    #####..


Dungeon Overview and Level Annotations

Branches:
Dungeon (11/15)            Temple (1/1) D:4            Lair (0/6) D:10
 Bailey (visited)
    Orc: D:9-12

Altars:
Ashenzari
Cheibriados
Dithmenos
Elyvilon
Fedhas
Gozag
Hepliaklqana
Kikubaaqudgha
Makhleb
Nemelex Xobeh
Okawaru
Qazlal
Ru
Sif Muna
Trog
Uskayaw
Vehumet
Wu Jian
Xom
Yredelemnul
Zin
The Shining One

Shops:
D:3 *   D:4 [

Annotations:
D:10 exclusion: oklob plant


Innate Abilities, Weirdness & Mutations

Shadows flee at your approach. (+LOS)
You can swim through water.
You cover ground slowly.
You can hop short distances.


Message History

The nine-headed hydra bites you.
* * * LOW HITPOINT WARNING * * *
The nine-headed hydra misses you.
The nine-headed hydra closely misses you.
The nine-headed hydra bites you.
* * * LOW HITPOINT WARNING * * *
You block the nine-headed hydra's attack. x3
The nine-headed hydra bites you.
* * * LOW HITPOINT WARNING * * *
You hack one of the nine-headed hydra's heads off!
The eight-headed hydra grows two more!
You slash the ten-headed hydra!
The ten-headed hydra is almost dead.
You block the ten-headed hydra's attack.
The ten-headed hydra bites you but does no damage.
You block the ten-headed hydra's attack. x2
The ten-headed hydra bites you but does no damage.
The ten-headed hydra bites you.
* * * LOW HITPOINT WARNING * * *
The ten-headed hydra bites you!
You die...

.....#######
...........#
...........#
...........#
...........#
...........#
#..C....+
#######D...#
+.......@###
########>#
#.# #.# #.#
#.# #.# #.#
#.#


You could see a ten-headed hydra and a cyclops.

Vanquished Creatures
  3 two-headed ogres (D:8)
  An orc knight (Bailey)
  Psyche (D:9)
  Maurice (D:8)
  2 trolls
  A hornet (D:9)
  Grinder (D:5)
  A wyvern (D:10)
  Eustachio (D:5)
  4 yaks (D:5)
  A hungry ghost (D:7)
  4 porcupines (D:10)
  A black bear (D:10)
  3 sky beasts
  7 orc warriors
  A phantom (D:10)
  A necrophage (D:8)
  2 ogres
  6 centaurs
  A crocodile (D:10)
  6 bullfrogs
  A wyvern skeleton (D:8)
  3 killer bees (D:9)
  3 wights (D:7)
  4 crimson imps
  10 jellies
  3 quasits
  2 hounds
  2 orc priests (D:5)
  2 bullfrog zombies
  Terence (D:3)
  3 iguanas
  5 orc wizards
  4 worker ants
  A howler monkey zombie (D:9)
  A worker ant zombie (D:8)
  11 adders
  A howler monkey skeleton (D:7)
  14 oozes (D:10)
  2 adder zombies
  2 adder skeletons
  4 worms
  5 dart slugs
  3 leopard geckos
  16 orcs
  6 bats
  4 giant cockroaches
  8 goblins
  16 hobgoblins
  12 jackals
  12 kobolds
  A quokka (D:4)
  A ball python (D:2)
  8 frilled lizards
  A jackal zombie (D:7)
  5 rats
226 creatures vanquished.

Vanquished Creatures (others)
  A centaur (D:9)
  5 kobolds (Bailey)
  12 fungi (D:10)
  2 plants (D:10)
20 creatures vanquished.

Grand Total: 246 creatures vanquished

Notes
Turn   | Place    | Note
-------+----------+-------------------------------------------
     0 | D:1      | Gumption the Barachi Fighter began the quest for the Orb.
     0 | D:1      | Reached XP level 1. HP: 18/18 MP: 1/1
   216 | D:1      | Reached XP level 2. HP: 25/25 MP: 2/2
   463 | D:1      | Reached skill level 3 in Long Blades
   535 | D:1      | Reached XP level 3. HP: 27/30 MP: 3/3
  1484 | D:2      | Reached XP level 4. HP: 37/37 MP: 4/4
  1681 | D:2      | Found a blossoming altar of Fedhas.
  1681 | D:2      | Found an ancient bone altar of Kikubaaqudgha.
  2249 | D:3      | Found an opulent altar of Gozag.
  2253 | D:3      | Found Gozag's Platinum Reserve.
  2364 | D:3      | Noticed Terence
  2377 | D:3      | Killed Terence
  2377 | D:3      | Reached skill level 4 in Long Blades
  2377 | D:3      | Reached XP level 5. HP: 41/43 MP: 5/5
  2905 | D:4      | Found a staircase to the Ecumenical Temple.
  2916 | Temple   | Entered the Ecumenical Temple
  3243 | D:4      | Found Zeptah's Antique Armour Shop.
  4220 | D:5      | Entered Level 5 of the Dungeon
  4253 | D:5      | Reached skill level 5 in Shields
  4253 | D:5      | Reached XP level 6. HP: 36/49 MP: 6/6
  4668 | D:5      | Noticed a yak
  4668 | D:5      | Noticed a yak
  4668 | D:5      | Noticed a yak
  4668 | D:5      | Noticed a yak
  4789 | D:5      | Reached skill level 5 in Long Blades
  4838 | D:5      | Noticed Grinder
  4867 | D:5      | Paralysed by Grinder for 5 turns
  4874 | D:5      | Paralysed by Grinder for 5 turns
  4884 | D:5      | Killed Grinder
  4884 | D:5      | Reached skill level 5 in Fighting
  4884 | D:5      | Reached skill level 5 in Armour
  4884 | D:5      | Reached XP level 7. HP: 26/56 MP: 7/7
  5120 | D:5      | Reached skill level 6 in Long Blades
  5128 | D:5      | Noticed Eustachio
  5146 | D:5      | Killed Eustachio
  5146 | D:5      | Reached XP level 8. HP: 34/63 MP: 8/8
  5460 | D:5      | Killed a yak
  5472 | D:5      | Killed a yak
  5472 | D:5      | Reached skill level 7 in Long Blades
  5473 | D:5      | Killed a yak
  5481 | D:5      | Killed a yak
  6363 | D:6      | Found a basalt altar of Yredelemnul.
  6453 | D:6      | Reached skill level 8 in Long Blades
  6473 | D:6      | Got a garnet-encrusted ring mail
  6474 | D:6      | Identified the +0 ring mail of Veeteq {rElec rF+ MR++} (You
                  | found it on level 6 of the Dungeon)
  6512 | D:6      | Identified a scroll of acquirement
  7021 | D:7      | Reached XP level 9. HP: 16/71 MP: 9/9
  7344 | D:7      | Found a snail-covered altar of Cheibriados.
  7344 | D:7      | Found a burning altar of Makhleb.
  7350 | D:7      | Became a worshipper of Cheibriados the Contemplative
  7956 | D:8      | Noticed a two-headed ogre
  8010 | D:8      | Noticed a two-headed ogre
  8023 | D:8      | Killed a two-headed ogre
  8023 | D:8      | Reached skill level 9 in Long Blades
  8237 | D:8      | Noticed a two-headed ogre
  8604 | D:8      | Killed a two-headed ogre
  8604 | D:8      | Reached skill level 10 in Long Blades
  8604 | D:8      | Reached XP level 10. HP: 80/80 MP: 10/10
  8673 | D:8      | Found an ornate altar of the Wu Jian Council.
  8673 | D:8      | Found a white marble altar of Elyvilon.
  8673 | D:8      | Found a shimmering blue altar of Sif Muna.
  8701 | D:8      | Noticed Maurice
  8727 | D:8      | Killed Maurice
  8975 | D:8      | Reached * piety under Cheibriados
  8998 | D:8      | Found a glowing silver altar of Zin.
  9170 | D:8      | Killed a two-headed ogre
  9170 | D:8      | Reached skill level 10 in Shields
  9890 | D:9      | Noticed Psyche
  9901 | D:9      | Killed Psyche
  9901 | D:9      | Reached skill level 11 in Long Blades
 10104 | D:9      | Reached ** piety under Cheibriados
 10148 | D:9      | Found a hide-covered altar of Uskayaw.
 10623 | D:10     | Entered Level 10 of the Dungeon
 10627 | D:10     | Found a staircase to the Lair.
 10628 | D:10     | Reached XP level 11. HP: 86/87 MP: 11/11
 10667 | D:10     | Reached skill level 1 in Invocations
 10714 | D:10     | Found a flagged portal.
 10726 | Bailey   | Entered a bailey
 10756 | Bailey   | Noticed an orc knight
 10825 | Bailey   | Killed an orc knight
 10879 | Bailey   | Reached *** piety under Cheibriados
 11632 | D:10     | Reached skill level 12 in Long Blades
 11682 | D:10     | Noticed an oklob plant
 11721 | D:10     | Reached **** piety under Cheibriados
 12169 | D:11     | Noticed a five-headed hydra
 12169 | D:11     | Noticed a cyclops
 12177 | D:11     | Slain by a ten-headed hydra

Levels and vault maps discovered:
D:1:      dpeg_arrival_brainrot, layout_basic
D:2:      layout_loops_cross, grunt_temple_overflow_growth_and_decay
D:3:      layout_basic, nicolae_gozag_zags_fifth_avenue, uniq_terence
D:4:      layout_basic, minmay_temple_entry_drinking_statues, serial_shops,
          shop_statue
D:5:      layout_gridville, first_ration, uniq_grinder, uniq_eustachio
D:6:      layout_loops_ring, yredelemnul_altar_generic, grunt_decor_clamped,
          glass_columns_a, minmay_misc_feat_columns, skrybe_limestone_x
D:7:      wad_crossroads, layout_basic, gammafunk_temple_overflow_statue
D:8:      layout_cave_pools, gammafunk_temple_overflow_claw, zin_academy,
          grunt_pizzeria, uniq_maurice
D:9:      layout_roguey, overflow_temple_1_default, uniq_psyche
D:10:     lemuel_slime, layout_irregular_city, due_lair_maze_entry_diamond,
          enter_bailey_2, chequers_serial_rivers_room_a
D:11:     layout_basic, david_orc_3
Temple:   minmay_temple_curvy_loop

Skill      XL: |  1  2  3  4  5  6  7  8  9 10 11 |
---------------+----------------------------------+-----
Long Blades    | 3 4 5 6 8 10 11 12 | 12.1
Armour         | 4 5 6 7 8 9 |  9.0
Fighting       | 4 5 6 7 8 9 |  9.4
Shields        | 4 5 6 7 9 10 11 | 11.4
Invocations    | 2 |  2.2

Action                   |  1- 3 |  4- 6 |  7- 9 | 10-12 || total
-------------------------+-------+-------+-------+-------++-------
Melee: Long sword        |   136 |   199 |     9 |       ||   344
       Falchion          |       |       |   153 |   248 ||   401
 Fire: Hunting sling     |       |    24 |    42 |   144 ||   210
Throw: Stone             |       |     1 |       |       ||     1
       Dart              |       |       |     4 |    23 ||    27
 Abil: Hop               |       |       |     2 |     1 ||     3
Evoke: Wand              |       |       |     2 |     1 ||     3
  Use: Scroll            |     2 |    12 |     7 |     4 ||    25
       Potion            |       |     1 |       |     2 ||     3
 Stab: Paralysed         |       |       |    10 |       ||    10
  Eat: Chunk             |     3 |    11 |    10 |     7 ||    31
       Ration            |       |       |     1 |       ||     1
Armor: Scale mail        |    55 |    69 |       |       ||   124
       Chain mail        |       |    16 |    34 |       ||    50
       Ring mail         |       |       |    16 |    53 ||    69
Dodge: Dodged            |    36 |    75 |    55 |    88 ||   254
Block: Shield            |    64 |    96 |   122 |   269 ||   551
       Reflection        |       |       |     1 |    46 ||    47
       Rpst.: Long sword |    11 |    27 |     1 |       ||    39
       Falchion          |       |       |    11 |    13 ||    24
